 Dungeon Crawl Stone Soup version 0.26.1-11-gd32895ea62 (webtiles) character file.

Game seed: 6839570475577464330

56 Icepheonix32 the Gusty (level 3, 0/19 HPs)
             Began as a Tengu Air Elementalist on June 7, 2021.
             Succumbed to Jessica's poison
             ... on level 2 of the Dungeon.
             The game lasted 00:04:04 (2274 turns).

Icepheonix32 the Gusty (Tengu Air Elementalist)     Turns: 2274, Time: 00:04:04

Health: 0/19       AC:  3    Str:  8    XL:     3   Next: 97%
Magic:  1/7        EV: 12    Int: 16    God:
Gold:   143        SH:  0    Dex: 14    Spells: 3/7 levels left

rFire    . . .     SeeInvis .   i - +0 short sword
rCold    . . .     Faith    .   (no shield)
rNeg     . . .     Spirit   +   f - +0 leather armour
rPois    .         Reflect  .   (helmet restricted)
rElec    .         Harm     .   (no cloak)
rCorr    .         Rampage  .   (no gloves)
Will     .....                  (boots unavailable)
Stlth    ++........             b - amulet of guardian spirit
HPRegen  0.06/turn              (no ring)
MPRegen  0.10/turn              (no ring)

@: mighty, brilliant, lethally poisoned (0 -> -32), attractive
A: beak, talons 3
a: no special abilities


You were on level 2 of the Dungeon.
You visited 1 branch of the dungeon, and saw 2 of its levels.

You collected 143 gold pieces.

Inventory:

Hand Weapons
 i - a +0 short sword (weapon)
Armour
 a - a +0 robe
 f - a +0 leather armour (worn)
 k - a +0 kite shield
Jewellery
 b - an amulet of guardian spirit (around neck)
Scrolls
 c - 2 scrolls of fear {unknown}
 j - a scroll of teleportation {unknown}
 l - a scroll of noise
 m - a scroll of enchant weapon
 n - a scroll of remove curse


   Skills:
 - Level 2.2 Dodging
 - Level 2.0 Stealth
 + Level 2.5 Spellcasting
 - Level 1.3 Conjurations
 * Level 5.7 Air Magic


You had 3 spell levels left.
You knew the following spells:

 Your Spells              Type           Power        Failure   Level
a - Shock                 Conj/Air       80%          7%          1
b - Static Discharge      Conj/Air       20%          21%         3

Your spell library contained the following spells:

 Spells                   Type           Power        Failure   Level
 Swiftness                Air            30%          4%          2
 Airstrike                Air            15%          26%         4
 Lightning Bolt           Conj/Air       10%          88%         5


Dungeon Overview and Level Annotations

Branches:
Dungeon (2/15)

Altars:

Annotations:
D:2 Jessica


Innate Abilities, Weirdness & Mutations

You have a beak for a mouth.
You have claws for feet.


Message History

You are too injured to fight recklessly!
It was a potion of might.
You feel very mighty all of a sudden.
You feel sick.
Jessica looks very angry.
Jessica hits you with a +0 dagger of venom.
* * * LOW HITPOINT WARNING * * *
You are more poisoned.
Jessica hits you with a +0 dagger of venom.
* * * LOW HITPOINT WARNING * * *
You are more poisoned.
It was a potion of brilliance.
You feel clever all of a sudden.
* * * LOW HITPOINT WARNING * * *
You feel sick.
Jessica mumbles some strange words.
Jessica blinks!
It was a potion of attraction.
You feel attractive to monsters.
You die...

#.# ##...# #.# ##.##
####.##### #.##
#.....$..# #.##
#.##.###.# ##+##
#.##.###.# ##...#
#........# ##.....
#........# ##......
#.ยง@.....# #.......
#...........+.......
#...((@..####.......
#$##....)# #......
#. ......# ##.....
## ##.#### ##...# .#
##'## .# #.# #.#


You could see Jessica (fast).

Vanquished Creatures
  An adder (D:2)
  5 dart slugs
  A leopard gecko (D:1)
  A ball python (D:2)
  6 goblins (D:1)
  5 hobgoblins
  6 bats
  6 kobolds
  6 rats
37 creatures vanquished.

Notes
Turn   | Place    | Note
-------+----------+-------------------------------------------
     0 | D:1      | Icepheonix32 the Tengu Air Elementalist began the quest for
                  | the Orb.
     0 | D:1      | Reached XP level 1. HP: 10/10 MP: 4/4
   506 | D:1      | Reached XP level 2. HP: 13/15 MP: 3/6
   952 | D:1      | Reached skill level 5 in Air Magic
  1110 | D:1      | Reached XP level 3. HP: 19/19 MP: 2/7
  2251 | D:2      | Noticed Jessica
  2257 | D:2      | Learned a level 3 spell: Static Discharge
  2274 | D:2      | Succumbed to Jessica's poison

Illustrated notes

Levels and vault maps discovered:
D:1:      elethiomel_arrival_infinity_welcomes_careful_drivers, layout_basic,
          hangedman_decor_riveting
D:2:      layout_loops_corners, uniq_natasha, uniq_jessica

Skill      XL: |  1  2 |
---------------+-------+-----
Air Magic      | 5 |  5.7
Dodging        | |  2.2
Stealth        | |  2.0
Spellcasting   | |  2.5
Conjurations   | |  1.3

Action                   || total
-------------------------++-------
Melee: Unarmed           ||    12
       Peck              ||     3
       Kick              ||     2
       Short sword       ||     5
Throw: Dart              ||     2
 Cast: Shock             ||    80
  Use: Scroll            ||     3
       Potion            ||     3
Armor: Robe              ||     9
       Leather armour    ||     5
Dodge: Dodged            ||    26
